 Dungeon Crawl Stone Soup version 0.28.0-53-g5a82cb258f (webtiles) character file.

Game seed: 7668556373461593636

826 Plasmagod the Ducker (level 7, -1/56 HPs)
             Began as a Gnoll Gladiator on July 20, 2022.
             Was an Initiate of Ashenzari.
             Slain by a sky beast (5 damage)
             ... on level 4 of the Dungeon.
             The game lasted 00:08:14 (3903 turns).

Plasmagod the Ducker (Gnoll Gladiator)              Turns: 3903, Time: 00:08:15

Health: -1/56      AC:  4    Str: 16    XL:     7   Next: 96%
Magic:  11/11      EV: 14    Int:  7    God:    Ashenzari [......]
Gold:   144        SH:  0    Dex: 13    Spells: 11/11 levels left

rFire   . . .      SeeInvis .   n - +0 flail (holy)
rCold   . . .      Faith    .   (no shield)
rNeg    . . .      Spirit   .   b - +0 leather armour
rPois   .          Reflect  .   c - +0 helmet
rElec   .          Harm     .   (no cloak)
rCorr   .          Rampage  .   (no gloves)
Will    .....                   (no boots)
Stlth   ++........              (no amulet)
HPRegen 0.18/turn               (no ring)
MPRegen 0.12/turn               (no ring)

@: no status effects
A: fangs 1, strong nose, distributed training
a: Renounce Religion


You were on level 4 of the Dungeon.
You worshipped Ashenzari.
Ashenzari was noncommittal.
You visited 1 branch of the dungeon, and saw 5 of its levels.

You collected 144 gold pieces.

Inventory:

Hand Weapons
 a - a +0 quarterstaff
 m - a +2 short sword of electrocution
 n - a +0 flail of holy wrath (weapon)
Missiles
 d - 3 throwing nets (quivered)
 o - 3 poisoned darts
Armour
 b - a +0 leather armour (worn)
 c - a +0 helmet (worn)
 w - a +0 buckler
Jewellery
 k - a ring of resist corrosion
 q - a ring of protection from cold
Scrolls
 e - a scroll of noise
Potions
 f - a potion of brilliance
 h - 4 potions of curing
 i - a potion of might {unknown}
 j - a potion of heal wounds {unknown}
 p - a potion of magic {unknown}
 s - a potion of attraction {unknown}


   Skills:
 + Level 5.4 Fighting
 + Level 2.8 Short Blades
 + Level 2.8 Long Blades
 + Level 2.8 Axes
 + Level 2.8 Maces & Flails
 + Level 2.8 Polearms
 + Level 7.2 Staves
 + Level 2.8 Slings
 + Level 2.8 Bows
 + Level 2.8 Crossbows
 + Level 5.4 Throwing
 + Level 2.8 Armour
 + Level 7.2 Dodging
 + Level 2.8 Stealth
 + Level 2.8 Shields
 + Level 2.8 Unarmed Combat
 + Level 2.8 Spellcasting
 + Level 2.3 Conjurations
 + Level 2.3 Hexes
 + Level 2.3 Summonings
 + Level 2.3 Necromancy
 + Level 2.3 Translocations
 + Level 2.3 Transmutations
 + Level 2.3 Fire Magic
 + Level 2.3 Ice Magic
 + Level 2.3 Air Magic
 + Level 2.3 Earth Magic
 + Level 2.3 Poison Magic
 + Level 3.1 Invocations
 + Level 2.8 Evocations


You had 11 spell levels left.
You didn't know any spells.
Your spell library contained the following spells:

 Spells                   Type           Power      Damage    Failure   Level
 Animate Skeleton         Necr           8%         N/A       16%         1
 Pain                     Necr           16%        1d4       16%         1
 Slow                     Hex            16%        N/A       16%         1
 Confusing Touch          Hex            4%         N/A       43%         3
 Dazzling Flash           Conj/Hex       8%         N/A       43%         3
 Tukima's Dance           Hex            4%         N/A       43%         3
 Vampiric Draining        Necr           4%         2d6       43%         3
 Iskenderun's Mystic Bla  Conj/Tloc      4%         2d3       85%         4
 Passage of Golubria      Tloc           4%         N/A       85%         4
 Yara's Violent Unravell  Hex/Tmut       2%         3d3       99%         5
 Starburst                Conj/Fire      2%         6d3       100%        6


Dungeon Overview and Level Annotations

Branches:
Dungeon (5/15)
 Temple: D:4-7

Altars:
Ashenzari
Yredelemnul


Innate Abilities, Weirdness & Mutations

You have very sharp teeth.
Your uncanny sense of smell can sniff out nearby items.
Your experience applies equally to all skills.


Message History

The sky beast is moderately wounded.
The sky beast hits you but does no damage.
You barely miss the sky beast.
The sky beast is lightly wounded.
The sky beast hits you. The sky beast shocks you.
You are too injured to fight recklessly!
You are too injured to fight recklessly!
You are too injured to fight recklessly!
You closely miss the sky beast.
The sky beast is lightly wounded.
The sky beast flickers out of sight!
Deactivating autopickup; reactivate with Ctrl-A.
Something hits you but does no damage.
You closely miss something. Something hits you. Something shocks you.
Something hits you. Something shocks you.
* * * LOW HITPOINT WARNING * * *
You hit something but do no damage. Something hits you.
* * * LOW HITPOINT WARNING * * *
Something shocks you.
* * * LOW HITPOINT WARNING * * *
There is an escape hatch in the ceiling here.
Something barely misses you. A mysterious force pulls you upwards.
The hatch slams shut behind you.
Reactivating autopickup.
Deactivating autopickup; reactivate with Ctrl-A.
You miss something.
A sky beast appears from thin air!
Reactivating autopickup.
The sky beast hits you.
* * * LOW HITPOINT WARNING * * *
The sky beast shocks you.
* * * LOW HITPOINT WARNING * * *
You feel better.
The sky beast hits you but does no damage.
You completely miss the sky beast.
The sky beast is lightly wounded.
The sky beast hits you but does no damage.
The sky beast hits you.
* * * LOW HITPOINT WARNING * * *
The sky beast shocks you.
You die...

#...........# #####.#
####.######.# #.# #.#
#....# #.# #.# #.#..#
#.# #.# #...## #.#
#.###.#.# #.# #.#.._..#
#># #.#.#.########## #.#
#..........@Y..# #.#
######.#######.#
#.######## #.# #.#
#......... #.# #.#
########## #.# #.#
#########.#######.####
#....................###
#.#.####.#########.....#
#### #.#.#
#.........#.#.#.#####.>.


You could see a sky beast.

Vanquished Creatures
  Sigmund (D:2)
  A black bear (D:5)
  An ogre (D:5)
  A sky beast (D:5)
  A necrophage (D:4)
  A wyvern skeleton (D:5)
  A hound (D:4)
  A centaur zombie (D:5)
  A hound skeleton (D:4)
  4 adders
  2 adder skeletons (D:4)
  2 worms (D:3)
  3 dart slugs
  2 orcs
  5 ball pythons
  4 bats
  5 endoplasms
  8 giant cockroaches
  5 goblins
  4 hobgoblins
  2 quokkas
  2 frilled lizards
  5 kobolds
  5 rats
67 creatures vanquished.

Vanquished Creatures (collateral kills)
  A phantom (D:5)
1 creature vanquished.

Grand Total: 68 creatures vanquished

Notes
Turn   | Place    | Note
-------+----------+-------------------------------------------
     0 | D:1      | Plasmagod the Gnoll Gladiator began the quest for the Orb.
     0 | D:1      | Reached XP level 1. HP: 20/20 MP: 1/1
    50 | D:1      | Reached XP level 2. HP: 16/26 MP: 2/2
   410 | D:1      | Reached XP level 3. HP: 31/31 MP: 3/3
   943 | D:2      | Found a basalt altar of Yredelemnul.
  1000 | D:2      | Noticed Sigmund
  1013 | D:2      | Killed Sigmund
  1014 | D:2      | Reached skill level 1 in Short Blades
  1014 | D:2      | Reached skill level 1 in Long Blades
  1014 | D:2      | Reached skill level 1 in Axes
  1014 | D:2      | Reached skill level 1 in Maces & Flails
  1014 | D:2      | Reached skill level 1 in Polearms
  1014 | D:2      | Reached skill level 1 in Slings
  1014 | D:2      | Reached skill level 1 in Bows
  1014 | D:2      | Reached skill level 1 in Crossbows
  1014 | D:2      | Reached skill level 1 in Armour
  1014 | D:2      | Reached skill level 1 in Stealth
  1014 | D:2      | Reached skill level 1 in Shields
  1014 | D:2      | Reached skill level 1 in Unarmed Combat
  1014 | D:2      | Reached skill level 1 in Spellcasting
  1014 | D:2      | Reached skill level 1 in Conjurations
  1014 | D:2      | Reached skill level 1 in Hexes
  1014 | D:2      | Reached skill level 1 in Summonings
  1014 | D:2      | Reached skill level 1 in Necromancy
  1014 | D:2      | Reached skill level 1 in Translocations
  1014 | D:2      | Reached skill level 1 in Transmutations
  1014 | D:2      | Reached skill level 1 in Fire Magic
  1014 | D:2      | Reached skill level 1 in Ice Magic
  1014 | D:2      | Reached skill level 1 in Air Magic
  1014 | D:2      | Reached skill level 1 in Earth Magic
  1014 | D:2      | Reached skill level 1 in Poison Magic
  1014 | D:2      | Reached skill level 1 in Invocations
  1014 | D:2      | Reached skill level 1 in Evocations
  1014 | D:2      | Reached XP level 4. HP: 37/38 MP: 4/6
  1014 | D:2      | Reached XP level 5. HP: 42/43 MP: 4/7
  1727 | D:3      | Reached XP level 6. HP: 50/50 MP: 8/8
  1813 | D:3      | Found a faded altar of an unknown god.
  2388 | D:4      | Reached skill level 5 in Fighting
  2388 | D:4      | Reached skill level 5 in Throwing
  2480 | D:4      | Noticed a necrophage
  2497 | D:4      | Killed a necrophage
  2671 | D:4      | Found a broken altar of Ashenzari.
  2679 | D:4      | Became a worshipper of Ashenzari the Shackled
  3129 | D:5      | Entered Level 5 of the Dungeon
  3150 | D:5      | Noticed a black bear
  3162 | D:5      | Killed a black bear
  3163 | D:5      | Reached XP level 7. HP: 39/56 MP: 10/10
  3471 | D:5      | HP: 2/56 [wyvern skeleton (12)]
  3901 | D:4      | HP: 1/56 [sky beast (5)]
  3903 | D:4      | Slain by a sky beast

Illustrated notes

Levels and vault maps discovered:
D:1:      dpeg_arrival_rooms_b, layout_rooms, st_stairs_14,
          hangedman_decor_riveting
D:2:      layout_loops_ring, basic_altar, st_stairs_7, uniq_sigmund
D:3:      layout_basic, shapermc_ecumenical_altar_pompeii, hex_tiny
D:4:      layout_loops_ring, ashenzari_altar_1
D:5:      layout_rooms

Skill      XL: |  1  2  3  4  5  6  7 |
---------------+----------------------+-----
Short Blades   | 1 2 |  2.8
Long Blades    | 1 2 |  2.8
Axes           | 1 2 |  2.8
Maces & Flails | 1 2 |  2.8
Polearms       | 1 2 |  2.8
Slings         | 1 2 |  2.8
Bows           | 1 2 |  2.8
Crossbows      | 1 2 |  2.8
Armour         | 1 2 |  2.8
Stealth        | 1 2 |  2.8
Shields        | 1 2 |  2.8
Unarmed Combat | 1 2 |  2.8
Spellcasting   | 1 2 |  2.8
Conjurations   | 1 2 |  2.3
Hexes          | 1 2 |  2.3
Summonings     | 1 2 |  2.3
Necromancy     | 1 2 |  2.3
Translocations | 1 2 |  2.3
Transmutations | 1 2 |  2.3
Fire Magic     | 1 2 |  2.3
Ice Magic      | 1 2 |  2.3
Air Magic      | 1 2 |  2.3
Earth Magic    | 1 2 |  2.3
Poison Magic   | 1 2 |  2.3
Invocations    | 1 2 3 |  3.1
Evocations     | 1 2 |  2.8
Fighting       | 5 |  5.4
Throwing       | 5 |  5.4
Staves         | 7 |  7.2
Dodging        | 7 |  7.2

Action                   |  1- 3 |  4- 6 |  7- 9 || total
-------------------------+-------+-------+-------++-------
Melee: Quarterstaff      |    96 |    19 |       ||   115
       Bite              |    11 |    10 |     8 ||    29
       Short sword       |       |    94 |    57 ||   151
       Punch             |       |     5 |       ||     5
       Flail             |       |    13 |     9 ||    22
  Use: Potion            |     1 |       |     1 ||     2
       Scroll            |       |       |     8 ||     8
 Stab: Sleeping          |       |     7 |       ||     7
Armor: Leather armour    |    16 |    22 |    21 ||    59
Dodge: Dodged            |    64 |    81 |    36 ||   181
